[Event "Sardinia World Festival-A 2024"]
[Site "Orosei"]
[Date "2024.04.28"]
[Round "2.30"]
[White "Olsen, Filip Boe"]
[Black "Kanyamarala, Tarun"]
[Result "1-0"]
[ECO "A07"]
[WhiteElo "2440"]
[BlackElo "2293"]
[Annotator "TA"]
[PlyCount "101"]
[EventDate "2024.04.26"]
[EventType "swiss"]
[EventCountry "ITA"]
[SourceTitle "playchess.com"]
[Source "ChessBase"]
[SourceQuality "1"]
[TimeControl "40/5400+30:1800+30"]

1. Nf3 d5 2. g3 Bg4 3. Bg2 e6 4. h3 Bh5 5. c4 c6 6. d4 Nd7 7. cxd5 exd5 8. Nc3 {[%emt 0:00:11] The position is equal.} Be7 9. O-O Ngf6 10. Ne5 Bg6 11. f4 {[%emt 0:03:49] Strongly threatening f5.} Be4 12. Nxe4 Nxe4 13. Qb3 ({Better is} 13. Bxe4 $14 dxe4 14. Qb3 Nxe5 15. dxe5) 13... Nd6 {[%emt 0:04:37] Excellent horsemanship.} 14. e4 dxe4 15. Bxe4 Qb6 {[%emt 0:10:16] [#] White must now prevent ...Qxb3.} (15... Nxe5 16. fxe5 Nxe4 17. Qxf7+ Kd7 18. Qf5+ (18. Qxg7 $2 Qg8 $19) 18... Ke8 19. Qxe4 $16) 16. Bg2 f6 17. Nxd7 Qxb3 18. axb3 Kxd7 19. Be3 Bd8 20. d5 cxd5 21. Bxd5 (21. Rxa7 Rxa7 22. Bxa7 Ne4 $11) 21... Bb6 22. Bxb6 axb6 23. Rad1 Kc7 24. Rd2 Rad8 25. Rc1+ Kb8 26. Rcd1 Rhe8 27. Kf2 Kc7 28. Rd3 $36 {[%emt 0:03:13][%mdl 2048] White has good play.} Re7 29. Kf3 f5 30. g4 h6 31. Bc4 {[%emt 0:02:53] Black should prevent gxf5.} Ree8 32. Rd5 fxg4+ 33. hxg4 Nxc4 34. bxc4 {[%emt 0:02:19] [#] Hoping for Rxd8.} Rxd5 35. Rxd5 $14 {[%emt 0:00:23][%mdl 4096] Endgame. KR-KR} (35. cxd5 Kd6 $11) 35... Re1 36. Rf5 Kd6 37. Rf7 (37. Rf8 $16) 37... Re7 $1 $11 38. Rf5 Rc7 (38... Re1 $11 {keeps the balance.}) 39. b3 $16 Re7 40. g5 hxg5 41. Rxg5 Re1 $2 {[%emt 0:13:18][%mdl 8192] This costs Black the game.} (41... Kc7 $16) 42. Rg6+ $18 ({Less strong is} 42. Rxg7 Rb1 $16) 42... Kc5 43. Rxg7 {[%emt 0:00:00] Threatens to win with Rg5+.} Rb1 $2 (43... Rf1+ 44. Ke4 Re1+ 45. Kd3 Rd1+ 46. Ke2 Ra1 47. Rg5+ (47. Rxb7 Rb1 $16) 47... Kd4) 44. Rg5+ {[%emt 0:00:00] White is clearly winning.} (44. Rxb7 Rxb3+ 45. Ke4 Rb1 $11) 44... Kd4 45. Rd5+ Kc3 46. Rb5 Kd4 47. Rxb6 (47. f5 $142 Rg1 48. Kf4 (48. Rxb6 Ke5 $18)) 47... Rf1+ 48. Kg4 Ke4 49. Re6+ Kd4 50. f5 Rg1+ 51. Kf4 {[%emt 0:11:19] Weighted Error Value: White=0.11 (very precise) /Black=0.24 (precise) .  Loses game:     	---       	Black=1      Mistake:       	White=2     	Black=2      Inaccurate:     	White=2     	Black=6      OK:         	White=13    	Black=13     Best:        	White=3     	Black=2      Strong:       	---       	Black=1} 1-0

[Event "Sardinia World Festival-A 2024"]
[Site "Orosei"]
[Date "2024.04.28"]
[Round "2.31"]
[White "Dalaud, Dorian"]
[Black "Ben Ari, Yannay"]
[Result "1/2-1/2"]
[ECO "B51"]
[WhiteElo "2307"]
[BlackElo "2436"]
[Annotator "RC"]
[PlyCount "63"]
[EventDate "2024.04.26"]
[EventType "swiss"]
[EventCountry "ITA"]
[SourceTitle "playchess.com"]
[Source "ChessBase"]
[SourceQuality "1"]
[TimeControl "40/5400+30:1800+30"]

1. e4 c5 2. Nf3 d6 3. Bb5+ Nd7 4. a4 a6 5. Be2 Ngf6 6. Nc3 g6 7. a5 Bg7 8. O-O O-O 9. d3 b5 10. axb6 Bb7 11. Nd2 Nxb6 12. Nb3 Rb8 13. Be3 Qc7 14. Qd2 Rfc8 15. Na5 Ba8 16. Nb3 Bb7 17. Ra3 Nfd7 18. Na5 Ba8 19. d4 cxd4 20. Bxd4 e5 21. Be3 Nf6 22. Bxa6 Rd8 23. Bd3 d5 24. exd5 Nbxd5 25. Nb5 Qe7 26. c4 e4 27. Bb1 Nxe3 28. Qxe3 Qb4 29. Qb3 Qc5 30. Qe3 Qb4 31. Qb3 Qc5 32. Qe3 1/2-1/2

[Event "Sardinia World Festival-A 2024"]
[Site "Orosei"]
[Date "2024.04.28"]
[Round "2.32"]
[White "Trost, Edvin"]
[Black "Tudor, Henry Edward"]
[Result "1-0"]
[ECO "B92"]
[WhiteElo "2434"]
[BlackElo "2279"]
[Annotator "TA"]
[PlyCount "55"]
[EventDate "2024.04.26"]
[EventType "swiss"]
[EventCountry "ITA"]
[SourceTitle "playchess.com"]
[Source "ChessBase"]
[SourceQuality "1"]
[TimeControl "40/5400+30:1800+30"]

1. e4 c5 2. Nf3 d6 3. d4 cxd4 4. Nxd4 Nf6 5. Nc3 a6 6. Be2 e5 7. Nb3 Be7 8. Be3 Be6 9. Nd5 Nbd7 10. Qd3 O-O 11. O-O Bxd5 12. exd5 a5 13. a4 Rc8 14. Rad1 g6 {[%emt 0:05:20] White is slightly better.} 15. Kh1 Ne8 16. c3 (16. Qd2 $16) 16... f5 $11 17. Qb5 b6 18. f4 Kg7 {[%emt 0:01:52] [#]} (18... Rf7 $11 {keeps the balance.}) 19. g4 $1 $16 {[%emt 0:06:13] White has more active pieces.} Qc7 ({Black should play} 19... Nc7 20. Qd3 (20. Bxb6 $2 Nxb6 21. Qxb6 Rb8 $19) 20... exf4 21. Bxf4 g5) 20. gxf5 gxf5 21. Bd3 Nc5 $2 (21... Kh8 22. Rg1 (22. fxe5 dxe5 23. Rxf5 Nd6 $14) 22... Nc5) 22. fxe5 $18 ({Don't play} 22. Nxc5 dxc5 23. fxe5 Qxe5 $18) 22... dxe5 23. Bxf5 ({Less strong is} 23. Rxf5 Nd6 24. Nxc5 bxc5 $18) 23... Nd6 {[%emt 0:03:46] [#]} 24. Nxc5 $1 bxc5 25. Qd3 {[%emt 0:01:00][%cal Oe3h6] Strongly threatening Bh6+!} c4 {[%emt 0:05:24] [#]} 26. Bh6+ $1 {[%emt 0:02:42][%mdl 512] This pair of bishops is nice.} Kh8 27. Qg3 (27. Qh3 Rxf5 28. Rxf5 Nxf5 29. Qxf5 Rg8 $18) 27... Bh4 (27... Nxf5 $18 28. Rxf5 Rg8 29. Qxe5+ Qxe5 30. Rxe5 Bd6) 28. Bxc8 {[%emt 0:00:46] Weighted Error Value: White=0.16 (very precise) /Black=0.84.  Mistake:       	White=1     	Black=4      Inaccurate:     	---       	Black=3      OK:         	White=8     	Black=1      Best:        	White=2     	Black=1      Strong:       	White=1     	---} ({Weaker is} 28. Qxh4 Nxf5 29. Qg5 Nxh6 30. Qxh6 Qe7 $18) 1-0

[Event "Sardinia World Festival-A 2024"]
[Site "Orosei"]
[Date "2024.04.28"]
[Round "2.33"]
[White "Bifulco, Michel"]
[Black "Degraeve, Remy"]
[Result "1/2-1/2"]
[ECO "C48"]
[WhiteElo "2303"]
[BlackElo "2432"]
[Annotator "TA"]
[PlyCount "226"]
[EventDate "2024.04.26"]
[EventType "swiss"]
[EventCountry "ITA"]
[SourceTitle "playchess.com"]
[Source "ChessBase"]
[SourceQuality "1"]
[TimeControl "40/5400+30:1800+30"]

1. e4 e5 2. Nf3 Nc6 3. Nc3 Nf6 4. Bb5 Bc5 5. O-O O-O 6. Nxe5 Nxe5 7. d4 a6 {[%emt 0:00:45] C48: Four Knights: 4 Bb5, replies other than 4...Bb4.} 8. Be2 d5 $146 ({Predecessor:} 8... Bd6 9. f4 Nc6 10. e5 Be7 11. d5 Bc5+ 12. Kh1 Nd4 13. exf6 Qxf6 14. Ne4 Qe7 15. Bd3 {1-0 Efroimski,M (2347)-Shevchenko,D (2208) Elitzur Int Online blitz 2020 (9)}) 9. exd5 Bd6 10. dxe5 Bxe5 11. Bf3 Qd6 12. g3 Bf5 13. Re1 Rad8 14. Ne4 Nxe4 15. Bxe4 Bxe4 16. Rxe4 f5 17. Re3 f4 18. Rd3 Qg6 19. Bd2 h5 20. Bc3 Bd6 21. Qf1 h4 22. g4 f3 23. Qh3 Rf4 24. Rxf3 Rxg4+ 25. Kh1 Re8 26. Re3 Rxe3 27. Qxe3 Rg2 28. Be5 Bxe5 29. Qxe5 h3 30. Rf1 Rg5 31. Qe6+ Qxe6 32. dxe6 Re5 33. Rd1 Rxe6 34. Kg1 Re2 35. Rc1 Re6 36. Rd1 Rg6+ 37. Kf1 Rb6 38. b3 Rc6 39. c4 b5 40. Rd3 bxc4 41. bxc4 Rxc4 42. Rxh3 a5 43. Ra3 a4 44. Ke2 Kf7 45. Kd3 Rh4 46. Ke2 Ke6 47. Rg3 Rb4 48. Rxg7 c5 49. a3 Rb2+ 50. Kd1 Ra2 51. h4 Kd5 52. h5 Rxf2 53. Rg4 Rh2 54. Rxa4 c4 55. Ra8 Kd4 56. Kc1 Kc3 57. Kb1 Rh1+ 58. Ka2 Rxh5 59. Rc8 Rb5 60. a4 Rb7 61. a5 Rb5 62. a6 Ra5+ 63. Kb1 Rxa6 64. Rc7 Rb6+ 65. Kc1 Rh6 66. Kb1 Rh1+ 67. Ka2 Kd3 68. Kb2 Rh2+ 69. Kc1 Kc3 70. Kb1 Rh1+ 71. Ka2 Rc1 72. Rh7 Rd1 73. Rc7 Kd3 74. Kb2 Rd2+ 75. Kc1 Rh2 76. Rc8 Rh7 (76... Kc3 $5 77. Kb1 $8 Rd2 $11) 77. Kb2 Rb7+ 78. Kc1 Kc3 79. Rc6 Kb3 80. Kb1 Rd7 81. Rb6+ Kc3 82. Rc6 Rd1+ 83. Ka2 Rd4 84. Kb1 Rd2 85. Rc7 Rb2+ 86. Kc1 Rb4 (86... Re2 $5 87. Kb1 $8 Re1+ 88. Ka2 Rh1 $11) 87. Rc8 Kb3 88. Kb1 $1 Rb7 89. Rc6 Rg7 90. Rb6+ Kc3 91. Rc6 Rg1+ 92. Ka2 Rd1 93. Rc8 Rd2+ 94. Kb1 Rd4 95. Rc7 Kd2 96. Kb2 Kd3 97. Rc8 Rd7 98. Rc6 Rb7+ 99. Kc1 Rh7 100. Kb2 Rh2+ 101. Kc1 Kc3 102. Kb1 Rh1+ 103. Ka2 Rc1 104. Rh6 Rc2+ 105. Kb1 Rb2+ 106. Kc1 Rd2 107. Rc6 Ra2 108. Kb1 Ra4 109. Rc8 Kd2 110. Rd8+ Kc3 111. Rc8 Kb3 112. Rc7 Ra8 113. Rc6 Rb8 1/2-1/2

[Event "Sardinia World Festival-A 2024"]
[Site "Orosei"]
[Date "2024.04.28"]
[Round "2.34"]
[White "Kilic, Eray"]
[Black "Nurgaliyev, Sauat"]
[Result "1-0"]
[ECO "B90"]
[WhiteElo "2429"]
[BlackElo "2262"]
[Annotator "TA"]
[PlyCount "103"]
[EventDate "2024.04.26"]
[EventType "swiss"]
[EventCountry "ITA"]
[SourceTitle "playchess.com"]
[Source "ChessBase"]
[SourceQuality "1"]
[TimeControl "40/5400+30:1800+30"]

1. e4 c5 2. Nf3 d6 3. d4 cxd4 4. Nxd4 Nf6 5. Nc3 a6 6. h3 e5 7. Nf3 {[%emt 0:00:04] B90: Sicilian Najdorf: Unusual White 6th moves, 6 Be3 Ng4 and 6 Be3 e5.} Be7 8. g4 $1 {[%emt 0:00:56] 8.g4 scores better than 8.Bc4.} h6 9. Rg1 Nbd7 10. g5 hxg5 11. Nxg5 Qc7 12. Be3 b5 13. Qd2 Bb7 14. O-O-O b4 15. Nd5 Nxd5 $1 16. exd5 Nb6 $146 (16... Nf6 $11) ({Predecessor:} 16... Nf6 17. Bg2 Bc8 18. f4 Bf5 19. Kb1 exf4 20. Bxf4 O-O 21. Be3 Rfc8 22. Rc1 Rab8 {1-0 De Winter,A (2405)-Beerdsen,T (2511) Groningen op 59th 2023 (3)}) 17. Qxb4 $14 Nxd5 (17... Bxg5 $14 18. Bxg5 (18. Rxg5 Nxd5 19. Qb3 Nxe3 $14) 18... Rc8) 18. Qb3 $16 Rc8 (18... Bxg5 $16 19. Bxg5 (19. Rxg5 Nxe3 20. Qxe3 Rc8 $14) 19... Nf6) 19. c3 (19. Rxd5 $2 Bxd5 20. Qd3 Bc4 $19 (20... Bxa2 $2 21. Qd1 $19) (20... Qa5 $2 21. Bg2 $19)) (19. Bg2 $1 $18 ) 19... Bxg5 $16 20. Bxg5 Nf6 21. Bxf6 (21. f4 $1 $16) 21... gxf6 $11 22. Bd3 Bf3 23. Rd2 Rb8 24. Qa3 Ke7 25. Rg3 (25. Bxa6 $2 Rb6 26. Qa4 Ra8 $19 (26... Rxh3 27. Bd3 $11)) 25... Bd5 26. Bf5 (26. Qxa6 $2 Ra8 27. Qb5 Bxa2 $19) 26... Rb5 27. Rgd3 $1 (27. Qxa6 $2 Ra5 28. Qe2 Bc4 $19) 27... Ra5 28. Qb4 Rb8 {[%emt 0:01:21] [#]} 29. Qg4 $1 Rxa2 30. Rxd5 Rbxb2 {[%emt 0:00:05] [#]} 31. Qf3 $1 (31. Rxb2 Qxc3+ 32. Kd1 Qxb2 (32... Rxb2 33. Qa4 $15) 33. Qe4 Ra1+ (33... Qxf2 $2 34. Qc2 $19) (33... Qxf2 $2 34. Qc2 $19)) 31... Qb6 32. Kd1 Qb3+ (32... a5 $16 {was called for.}) 33. Ke2 Qc4+ 34. Ke1 Ra1+ 35. Rd1 Raa2 36. R5d2 (36. Rxd6 Re2+ 37. Kf1 Rxf2+ 38. Kg1 Rxf3 39. Rd7+ Kf8 40. Rd8+ Kg7 41. R8d7 Rxf5 42. R7d2 Rg5+ 43. Kf2 Qf4+ 44. Ke2 Rg2+ (44... Rxd2+ 45. Rxd2 Rg2+ 46. Ke1 Qxd2+ 47. Kf1 Qf2#) 45. Ke1 Qe3+ 46. Kf1 Rg1#) 36... a5 37. Bb1 (37. Rxd6 Re2+ 38. Kf1 Rxf2+ 39. Kg1 Rxf3 40. Rd7+ Kf8 41. Rd8+ Kg7 42. R8d7 Rxf5 43. R7d2 Rg5+ 44. Kf2 Qf4+ 45. Ke2 Rg2+ (45... Rxd2+ 46. Rxd2 Rg2+ 47. Ke1 Qxd2+ 48. Kf1 Qf2#) 46. Ke1 Qe3+ 47. Kf1 Rg1#) 37... Rxd2 38. Rxd2 Rxd2 39. Kxd2 d5 (39... Qb5 $16) 40. Qe3 Kf8 41. Bd3 Qa2+ 42. Bc2 Qc4 43. Qd3 Qf4+ 44. Ke2 e4 45. Qe3 ({Weaker is} 45. Qxd5 Qf3+ 46. Kf1 (46. Ke1 Qh1+ 47. Ke2 Qf3+ 48. Kf1 Qxh3+ 49. Ke1 Qxc3+ 50. Kd1 Qf3+ 51. Kc1 Qxf2 $11) 46... Qh1+ 47. Ke2 Qf3+ 48. Kf1 (48. Ke1 Qh1+ 49. Ke2 Qf3+ $11) 48... Qxh3+ 49. Kg1 Qg4+ 50. Kh2 Qh4+ 51. Kg2 Qg4+ 52. Kf1 Qh3+ 53. Ke2 Qf3+ 54. Ke1 Qh1+ 55. Ke2 Qf3+ 56. Ke1 Qh1+ 57. Ke2 Qf3+ $11) 45... Qf5 46. Bb3 Qh5+ 47. Ke1 Kg7 48. Qg3+ Kh7 $2 (48... Kh6 49. Qg4 Qe5) 49. Qg4 $18 Qh6 50. Kd1 ({Less strong is} 50. Bxd5 Qc1+ 51. Qd1 (51. Ke2 Qc2+ 52. Kf1 Qd3+ 53. Kg2 Qxd5 $17) 51... Qxc3+ 52. Qd2 Qxh3 $18) 50... e3 51. f4 Qf8 52. Bc2+ 1-0

[Event "Sardinia World Festival-A 2024"]
[Site "Orosei"]
[Date "2024.04.28"]
[Round "2.35"]
[White "Krishnan, Ritvik"]
[Black "Aghayev, Miragha"]
[Result "1/2-1/2"]
[ECO "C54"]
[WhiteElo "2277"]
[BlackElo "2424"]
[Annotator "TA"]
[PlyCount "38"]
[EventDate "2024.04.26"]
[EventType "swiss"]
[EventCountry "ITA"]
[SourceTitle "playchess.com"]
[Source "ChessBase"]
[SourceQuality "1"]
[TimeControl "40/5400+30:1800+30"]

1. e4 e5 2. Nf3 Nc6 3. Bc4 Bc5 4. O-O Nf6 5. d3 d6 6. c3 O-O 7. h3 h6 8. Re1 a5 9. Nbd2 a4 10. Nf1 Ra5 11. d4 Bb6 12. b4 axb3 $1 13. Bxb3 Ra8 14. Ng3 Re8 15. Qd3 Na5 {[%emt 0:26:19] [#] Strongly threatening ...Nxb3.} 16. Be3 Nxb3 17. axb3 Rxa1 18. Rxa1 exd4 19. Bxd4 Bxd4 {[%emt 0:07:26] Not much happened in this game.   Weighted Error Value: White=0.05 (flawless) /Black=0.04 (flawless) .  OK:         	White=2     	Black=5      Strong:       	---       	Black=1} 1/2-1/2

[Event "Sardinia World Festival-A 2024"]
[Site "Orosei"]
[Date "2024.04.28"]
[Round "2.36"]
[White "Kanov, Nikola"]
[Black "Verga, Francesco"]
[Result "1-0"]
[ECO "B90"]
[WhiteElo "2423"]
[BlackElo "2074"]
[Annotator "TA"]
[PlyCount "73"]
[EventDate "2024.04.26"]
[EventType "swiss"]
[EventCountry "ITA"]
[SourceTitle "playchess.com"]
[Source "ChessBase"]
[SourceQuality "1"]
[TimeControl "40/5400+30:1800+30"]

1. e4 c5 2. Nf3 d6 3. d4 cxd4 4. Nxd4 Nf6 5. Nc3 a6 6. Be3 e5 7. Nb3 Be6 8. h3 Be7 9. f4 Nc6 10. f5 {[%emt 0:00:34] The position is equal.} Bxb3 11. axb3 Nb4 12. g3 d5 (12... Qc8 {looks sharper.} 13. Bg2 d5 14. exd5 Qxf5 15. Rc1 e4) 13. exd5 Nfxd5 14. Nxd5 Qxd5 15. Qxd5 Nxd5 16. Bf2 O-O-O 17. Bg2 Rhe8 18. Ke2 Nf6 19. c3 Bd6 20. Rhd1 Bc7 21. g4 Nd7 ({Black should try} 21... e4) 22. Bd5 $16 {[%emt 0:00:00] White has more active pieces. Black is weak on the light squares} Re7 23. b4 Bb6 24. Bh4 {[%emt 0:00:00] A strong pair of Bishops.} f6 25. Be6 Kc7 26. g5 fxg5 27. Bxg5 Nf6 28. Rxd8 Kxd8 29. Bh4 Kc7 30. Bg3 Nd7 (30... Kc6 $16) 31. Rd1 $18 {[%emt 0:00:00] Strongly threatening c4.} g6 $2 {[%emt 0:00:54] [#]} (31... Kc6 32. Bd5+ (32. Bxd7+ Rxd7 33. Rxd7 Kxd7 $18) 32... Kc7) 32. Bh4 {[%emt 0:00:00] White is clearly winning.} g5 33. Bxg5 Rg7 34. Bh4 Nf8 35. Bd8+ Kc6 36. Bd5+ Kb5 37. c4+ {[%emt 0:00:00] Weighted Error Value: White=0.15 (very precise) /Black=0.18 (very precise) .  Mistake:       	---       	Black=3      Inaccurate:     	White=1     	Black=1      OK:         	White=11    	Black=5      Best:        	White=2     	Black=4} 1-0

[Event "Sardinia World Festival-A 2024"]
[Site "Orosei"]
[Date "2024.04.28"]
[Round "2.37"]
[White "Moroni, Luca Jr"]
[Black "Fabiano, Giuseppe"]
[Result "1-0"]
[ECO "E61"]
[WhiteElo "2580"]
[BlackElo "2047"]
[Annotator "TA"]
[PlyCount "104"]
[EventDate "2024.04.26"]
[EventType "swiss"]
[EventCountry "ITA"]
[SourceTitle "playchess.com"]
[Source "ChessBase"]
[SourceQuality "1"]
[TimeControl "40/5400+30:1800+30"]

1. c4 e5 2. Nc3 Nf6 3. e3 c6 4. d4 d6 5. Nge2 g6 6. g3 Bg7 7. Bg2 O-O 8. O-O Re8 {[%emt 0:00:00] now scores much better than the old 8...Nbd7.} 9. b4 e4 {[%emt 0:00:00] E61: King's Indian: Early deviations for White, including Smyslov System.} 10. b5 Bf5 11. Ba3 h5 12. h3 Bh6 $146 ({Predecessor:} 12... Bf8 13. Rb1 Nbd7 14. bxc6 bxc6 15. Qc2 Qa5 16. Rb3 Qa6 17. Rc1 Rab8 18. Bf1 Rxb3 19. Qxb3 Rb8 20. Qa4 Qxa4 21. Nxa4 Nb6 22. Nec3 Nfd7 23. Kg2 {½-½ Fuchs,R-Johannsson,I Copenhagen 1956 (1)}) 13. Rb1 Qd7 14. Kh2 Nh7 15. Nf4 Ng5 16. Rb2 Bg7 17. Qe2 c5 18. Rd1 b6 19. Rb3 Qc8 20. Bb2 Nd7 21. Rd2 (21. Ncd5 $14) 21... cxd4 $1 $15 22. exd4 Nf6 23. Ba3 Nf3+ $1 24. Bxf3 exf3 25. Qf1 {[%emt 0:00:54] [#]} (25. Qxf3 $17 Qxc4 26. Rb4) 25... Qd7 (25... Bh6 $1 $19 26. Rd1 Bxf4 27. gxf4 Bc2 28. Bxd6 Qf5 (28... Bxd1 29. Nxd1 a6 30. bxa6 $17)) 26. Ncd5 Nxd5 27. Nxd5 Be4 28. Nc3 f5 29. Nxe4 fxe4 30. Rd1 Rad8 ({Black should try} 30... d5 $17 {...dxc4 is the strong threat.} 31. cxd5 Qxd5) 31. Bc1 $15 d5 32. c5 (32. Be3 $15) 32... bxc5 $19 33. dxc5 d4 (33... h4 $1 $17 34. Bf4 Qf5) 34. Bg5 $1 $11 Rc8 35. Qc4+ (35. c6 $11 {was the only way to keep the balance.} Qd5 36. h4) 35... Kh7 $17 36. c6 Qf5 37. h4 {[%emt 0:00:23] [#]} Be5 $2 (37... d3 38. Re1 $14) (37... e3 $1 $17 {and life is bright. Threatens to win with ...Re4.} 38. fxe3 Re4) 38. Rxd4 $1 $18 Bxd4 39. Qxd4 Rc7 40. a4 Qe6 41. Rb2 ({Not} 41. Re3 Qa2 42. Re1 (42. Rxe4 $2 {too greedy.} Rxe4 43. Qd2 Qxd2 $19) 42... e3 43. Bxe3 (43. Rxe3 $2 {leads to mate.} Qxf2+ 44. Kh3 Qg2#) 43... Rce7 $18) 41... Rf7 42. Be3 Qe7 43. Qb4 Qe6 44. Rd2 Qe5 45. Rd4 g5 (45... Rfe7 $142 46. a5 Kh8) 46. Bxg5 $18 e3 47. Bxe3 Rg8 48. Qd6 Re8 49. Qxe5 Rxe5 50. Rd7 Rxd7 51. cxd7 Rd5 52. Bxa7 Rxd7 1-0

[Event "Sardinia World Festival-A 2024"]
[Site "Orosei"]
[Date "2024.04.28"]
[Round "2.38"]
[White "Bronstein, Or"]
[Black "Bin-Suhayl, Ieysaa"]
[Result "1-0"]
[ECO "D12"]
[WhiteElo "2458"]
[BlackElo "2214"]
[Annotator "TA"]
[PlyCount "107"]
[EventDate "2024.04.26"]
[EventType "swiss"]
[EventCountry "ITA"]
[SourceTitle "playchess.com"]
[Source "ChessBase"]
[SourceQuality "1"]
[TimeControl "40/5400+30:1800+30"]

1. d4 d5 2. c4 c6 3. Nf3 Nf6 4. e3 Bf5 5. Nc3 e6 6. Nh4 Bg6 7. Nxg6 hxg6 8. Bd2 Nbd7 9. Qb3 Qc7 10. cxd5 {[%emt 0:02:41] The position is equal.} exd5 11. O-O-O Be7 12. Kb1 a5 13. Rc1 Nb6 14. f3 a4 15. Qc2 Rxh2 16. Rxh2 Qxh2 17. e4 (17. a3 $11) 17... Kf8 ({Black should try} 17... a3 $15 18. Qb3 axb2) 18. Re1 Qh4 19. Qc1 a3 20. b3 $1 Re8 (20... dxe4 $15 21. Bg5 Qh2 (21... Qf2 22. Be3 $17) 22. fxe4 Kg8) 21. Bg5 ({Better is} 21. e5 $14) 21... Qf2 (21... Qh1 $11) 22. Be3 $14 Qb2+ 23. Qxb2 axb2 24. e5 (24. Kxb2 dxe4 25. Nxe4 (25. fxe4 $2 Bb4 $17) 25... Nxe4 26. fxe4 Bh4 $19) 24... Nfd7 25. Kxb2 (25. g3 {with more complications.} Ba3 26. Nd1 f6 27. f4) 25... Bh4 26. Rd1 f6 27. Bd3 fxe5 28. Bxg6 exd4 29. Bxd4 {[%emt 0:00:00] A strong pair of Bishops.} Re1 30. Rxe1 Bxe1 31. Ne2 Bh4 32. Be3 Bf6+ 33. Kc2 Ke7 34. g4 c5 (34... Nc8 $11 {is superior.}) 35. g5 $16 {[%emt 0:00:00] White is more active.} Be5 36. f4 d4 $2 {[%emt 0:00:06] This move loses the game for Black.} (36... Bb8 $14) 37. Bd2 $18 Bb8 {[%emt 0:00:04] [#]} 38. Be4 $1 c4 (38... Nf8 $142 39. Bxb7 Ne6) 39. Nxd4 ({Stronger than} 39. Bxb7 d3+ 40. Kd1 dxe2+ 41. Kxe2 cxb3 42. axb3 Ke6 $17) 39... cxb3+ 40. axb3 ({Much less strong is} 40. Nxb3 $6 Nc4 $18) 40... Nc5 41. Bf3 Ne6 (41... Kf7 {keeps fighting.} 42. f5 (42. b4 Ncd7 $18) 42... Be5) 42. Nxe6 Kxe6 43. Bxb7 {[%emt 0:00:00][%mdl 4096] Endgame. KBB-KBN} Kf5 44. Be3 Bc7 45. Kd3 g6 46. b4 Kg4 47. Bxb6 {[%emt 0:00:00] White mates.} Bxb6 {[%emt 0:00:06] KB-KB} 48. Ke4 Bc7 49. Bc8+ Kh4 50. Bd7 Kh5 51. Kf3 Kh4 52. Be8 Bd6 53. b5 Kh5 54. Kg3 {[%emt 0:00:00] Weighted Error Value: White=0.10 (very precise) /Black=0.45.  Mistake:       	White=2     	Black=7      Inaccurate:     	White=5     	Black=2      OK:         	White=16    	Black=11     Best:        	White=3     	Black=3      Strong:       	White=1     	---} 1-0

[Event "Sardinia World Festival-A 2024"]
[Site "Orosei"]
[Date "2024.04.28"]
[Round "2.39"]
[White "Piasetski, Leon"]
[Black "Levin, Guy"]
[Result "0-1"]
[ECO "D26"]
[WhiteElo "2159"]
[BlackElo "2451"]
[Annotator "TA"]
[PlyCount "88"]
[EventDate "2024.04.26"]
[EventType "swiss"]
[EventCountry "ITA"]
[SourceTitle "playchess.com"]
[Source "ChessBase"]
[SourceQuality "1"]
[TimeControl "40/5400+30:1800+30"]

1. Nf3 d5 2. e3 Nf6 3. c4 dxc4 4. Bxc4 e6 5. d4 a6 6. Qe2 c5 7. dxc5 Bxc5 8. a3 b5 9. Ba2 Bb7 10. b4 {[%emt 0:04:15] The position is equal.} Bd6 11. Bb2 Nbd7 12. Nbd2 Rc8 13. O-O O-O 14. Rac1 {[%emt 0:02:09] Inhibits Rc2.} Qe7 15. e4 {[%emt 0:06:24] e5 is the strong threat.} Bb8 16. g3 Nb6 17. Bb3 Rfd8 18. Bd4 Nbd7 19. h3 h6 20. Qe3 Ne8 21. Bb2 Nd6 22. Rxc8 Rxc8 23. Rc1 (23. Nh4 {is interesting.} a5 24. bxa5 Qd8 25. Qd4) 23... Rxc1+ 24. Bxc1 Qd8 25. Bb2 Ne8 26. Bc2 Bc7 27. Nb3 Qc8 28. Bd3 Qb8 29. Kg2 Nef6 30. Bd4 Qa8 {[%emt 0:01:00] And now ...e5 would win.} 31. Nbd2 Bc6 32. Qe2 Ne8 33. e5 Bd5 34. Be4 Bb8 35. Bxd5 Qxd5 36. Qe4 Nc7 37. Kf1 (37. Qh4 {with more complications.} Na8 38. Qd8+ Kh7 39. Kf1) 37... Qxe4 38. Nxe4 Nd5 39. Ke2 Ne7 40. Nc5 (40. Bc5 $11 Nc8 41. Bd4) 40... Nxc5 $15 41. bxc5 Kf8 42. Kd3 Nc6 43. Ke4 Ke7 44. Nd2 {[%emt 0:00:00] [#]} (44. h4 $17) 44... Bxe5 $1 {[%emt 0:03:27][%mdl 512] Weighted Error Value: White=0.12 (very precise) /Black=0.06 (flawless) .  Mistake:       	White=2     	---        Inaccurate:     	White=2     	Black=3      OK:         	White=14    	Black=15     Best:        	---       	Black=1      Brilliant:      	---       	Black=1} 0-1